 Dungeon Crawl Stone Soup version 0.24.0 (webtiles) character file.

Game seed: 8630244449543355494, levelgen mode: deterministic

4 b5mith the Sneak (level 1, -1/13 HPs)
             Began as a Kobold Assassin on Feb 8, 2020.
             Slain by a kobold
             ... wielding a +0 dagger
              (3 damage)
             ... on level 1 of the Dungeon.
             The game lasted 00:01:36 (153 turns).

b5mith the Sneak (Kobold Assassin)                   Turns: 153, Time: 00:01:37

Health: -1/13      AC:  3    Str:  8    XL:     1   Next: 77%
Magic:  1/1        EV: 14    Int: 12    God:
Gold:   25         SH:  0    Dex: 16    Spells: 0/0 levels left

rFire    . . .     SeeInvis .   a - +2 dagger
rCold    . . .     Gourm    .   (shield restricted)
rNeg     . . .     Faith    .   b - +0 robe
rPois    .         Spirit   .   (no helmet)
rElec    .         Reflect  .   c - +0 cloak
rCorr    .         Harm     .   (no gloves)
MR       .....                  (no boots)
Stlth    +++.......             (no amulet)
HPRegen  0.04/turn              (no ring)
MPRegen  0.07/turn              (no ring)

@: no status effects
A: small, carnivore
a: no special abilities


You were on level 1 of the Dungeon.
You were full.

You visited 1 branch of the dungeon, and saw 1 of its levels.

You collected 25 gold pieces.

Inventory:

Hand Weapons
 a - a +2 dagger (weapon)
Missiles
 d - 7 poisoned darts (quivered)
 e - 2 curare-tipped darts
Armour
 b - a +0 robe (worn)
 c - a +0 cloak (worn)
Comestibles
 f - a ration


   Skills:
 + Level 2.4 Fighting
 - Level 2.7 Short Blades
 - Level 2.1 Throwing
 - Level 1.2 Dodging
 + Level 5.5 Stealth


You couldn't memorise any spells.
You didn't know any spells.
Your spell library was empty.

Dungeon Overview and Level Annotations

Branches:
Dungeon (1/15)

Altars:


Innate Abilities, Weirdness & Mutations

You are small and have problems with some larger weapons.
You are carnivorous and can eat meat at any time.


Message History

You see here a rat corpse.
You butcher the rat corpse.
g - a chunk of flesh You see here a rat skeleton.
A frilled lizard comes into view.
The helpless frilled lizard fails to defend itself.
You impale the frilled lizard!!
You kill the frilled lizard!
You open the door.
A rat comes into view.
There is an open door here.
A rat comes into view.
You hit the rat.
You kill the rat!
The helpless rat fails to defend itself.
You impale the rat!!
You kill the rat!
You see here a rat corpse.
You butcher the rat corpse.
g - 2 chunks of flesh (gained 1)
You see here a rat skeleton.
Eating one of 2 chunks of flesh.
You eat one of the 2 chunks of flesh.
This raw flesh tastes great.
Eating a chunk of flesh.
You eat the chunk of flesh.
This raw flesh tastes great.
A kobold comes into view. It is wielding a +0 dagger.
The kobold shouts!
You closely miss the kobold. The kobold hits you with a +0 dagger.
You barely miss the kobold. The kobold hits you but does no damage.
You barely miss the kobold. You closely miss the kobold.
The kobold hits you with a +0 dagger.
You barely miss the kobold. The kobold misses you.
You hit the kobold.
The kobold is severely wounded.
The kobold misses you.
You hit the kobold but do no damage.
The kobold is severely wounded.
The kobold hits you with a +0 dagger.
* * * LOW HITPOINT WARNING * * *
You hit the kobold but do no damage.
The kobold is severely wounded.
The kobold hits you but does no damage.
Throwing (i - inventory. (/) - cycle)
d - 8 poisoned darts (quivered)
Press: ? - help, Shift-Dir - straight line, f - kobold
Aim: a kobold, wielding a +0 dagger (severely wounded)
You throw a poisoned dart. The poisoned dart hits the kobold.
The kobold is poisoned.
The kobold is severely wounded.
The kobold hits you with a +0 dagger.
You die...

#+# #.# #.# #.# #+# #.#
#.####.### #######........#
+.......@K.....#
##............#### #
##.....#+##......####...
#รท.....#.##.............
#......#................
#..............#........
#......##......+........
####......++......####.#...
#.........##......# #.####


You could see a kobold.

Vanquished Creatures
  A bat (D:1)
  A frilled lizard (D:1)
  A kobold (D:1)
  3 rats (D:1)
6 creatures vanquished.

Notes
Turn   | Place    | Note
-------+----------+-------------------------------------------
     0 | D:1      | b5mith the Kobold Assassin began the quest for the Orb.
     0 | D:1      | Reached XP level 1. HP: 12/12 MP: 1/1
   153 | D:1      | Slain by a kobold

Levels and vault maps discovered:
D:1:      lemuel_arrival_cross, layout_basic
